 Dungeon Crawl Stone Soup version 0.18-a0-946-g3ac5b32 (webtiles) character file.

405 JokEr the Ruffian (level 6, -1/41 HPs)
             Began as a Gargoyle Monk on Dec 29, 2015.
             Killed by nerve-wracking pain
             ... invoked by an orc priest
              (11 damage)
             ... on level 4 of the Dungeon.
             The game lasted 00:09:41 (3680 turns).

JokEr the Ruffian (Gargoyle Monk)                   Turns: 3680, Time: 00:09:41

Health: -1/41      AC: 15    Str: 16    XL:     6   Next: 87%
Magic:  6/6        EV:  5    Int: 11    God:
Gold:   184        SH:  0    Dex: 12    Spells: 0 memorised, 5 levels left

rFire  . . .     SeeInvis .       - Unarmed
rCold  . . .     Gourm    .     a - +0 plate armour
rNeg   + . .     Faith    .     (no shield)
rPois  ∞         Spirit   .     m - +0 helmet
rElec  +         Dismiss  .     (no cloak)
rCorr  .         Reflect  .     (no gloves)
SustAt .         Harm     .     (no boots)
MR     .....                    (no amulet)
Stlth  ..........               (no ring)
                                (no ring)

@: confused, not resistant to hostile enchantments, extremely unstealthy
A: negative energy resistance 1, electricity resistance, unbreathing,
petrification resistance, rot immunity, AC +4
a: no special abilities


You were on level 4 of the Dungeon.
You were not hungry.

You visited 1 branch of the dungeon, and saw 4 of its levels.

You collected 184 gold pieces.

Inventory:

Armour
 a - a +0 plate armour (worn)
 m - a +0 helmet (worn)
Wands
 j - a wand of enslavement (14/24)
Scrolls
 e - 2 scrolls of enchant armour {unknown}
 h - a scroll of recharging
 n - a scroll of magic mapping
Potions
 f - a potion of cure mutation
 g - a potion of heal wounds {unknown}
Comestibles
 b - 2 bread rations
 c - 2 meat rations
 d - a royal jelly
 i - a chunk of flesh


   Skills:
 + Level 6.1 Fighting
 - Level 2.4 Dodging
 - Level 2.1 Stealth
 + Level 6.3 Unarmed Combat


You had 5 spell levels left.
You didn't know any spells.

Dungeon Overview and Level Annotations

Branches:
Dungeon (4/15)
 Temple: D:4-7

Altars:


Innate Abilities, Weirdness & Mutations

You are resistant to torment.
Your stone body is resilient (AC +4).
You are immune to poison.
You resist negative energy.
You are resistant to electric shocks.
You can survive without breathing.
You are immune to petrification.
You are immune to rotting.


Message History

You miss something.
The orc priest hits you but does no damage.
Something hits you but does no damage. Something hits you but does no damage.
Some of the chunks of flesh in your inventory have rotted away.
You bump into the rock wall.
The orc throws a tomahawk.
The tomahawk hits you but does no damage.
The orc priest hits you but does no damage.
Something hits you but does no damage.
You completely miss something.
The orc throws a tomahawk.
The orc priest hits you but does no damage.
You bump into the rock wall.
You hear some strange, mumbled words.
A puff of flame appears from out of thin air!
The puff of flame hits you!
* * * LOW HITPOINT WARNING * * *
The orc throws a tomahawk.
The orc priest invokes the aid of Beogh against you.
Pain shoots through your body!
You die...

#. #. # #.
####.#.# #.
#.....# #.
#.# #.##o##.#
#..@{.o.#
##.###....#
#.## #.#.#
#.# .....
#.## ... ##.#
..# ##.#....#
.##
##.#........
##.###.##.#..


You could see an orc priest and an orc.

Vanquished Creatures
  A centaur (D:4)
  An orc priest (D:4)
  An orc wizard (D:4)
  Jessica (D:3)
  Natasha (twice) (D:3)
  Terence (D:1)
  A hound skeleton (D:4)
  Robin (D:3)
  5 adders
  A worm (D:1)
  10 orcs
  8 bats
  7 giant cockroaches
  20 goblins
  7 hobgoblins
  2 quokkas (D:3)
  A ball python (D:1)
  5 giant geckos
  5 giant newts
  12 kobolds
  6 rats
98 creatures vanquished.

Notes
Turn   | Place    | Note
--------------------------------------------------------------
     0 | D:1      | JokEr the Gargoyle Monk began the quest for the Orb.
     0 | D:1      | Reached XP level 1. HP: 14/14 MP: 1/1
   348 | D:1      | Reached XP level 2. HP: 19/19 MP: 2/2
   989 | D:1      | Reached XP level 3. HP: 24/24 MP: 3/3
  1396 | D:2      | Noticed Terence
  1416 | D:1      | Reached XP level 4. HP: 20/29 MP: 4/4
  1601 | D:1      | Killed Terence
  1601 | D:1      | Reached skill level 5 in Unarmed Combat
  1608 | D:1      | HP: 1/30 [worm (1)]
  2500 | D:3      | Noticed Robin
  2513 | D:3      | Reached XP level 5. HP: 34/34 MP: 5/5
  2559 | D:3      | Killed Robin
  2736 | D:3      | Noticed Jessica
  2751 | D:3      | Killed Jessica
  2751 | D:3      | Reached skill level 5 in Fighting
  3129 | D:3      | Noticed Natasha
  3147 | D:3      | Killed Natasha
  3216 | D:3      | Noticed Natasha
  3227 | D:3      | Killed Natasha
  3227 | D:3      | Reached XP level 6. HP: 33/40 MP: 6/6
  3445 | D:4      | Reached skill level 6 in Unarmed Combat
  3680 | D:4      | Killed from afar by an orc priest

Vault maps used:
D:1:      dpeg_arrival_refuge
D:2:      first_bread, kennysheep_generic_room_9, uniq_terence
D:3:      uniq_robin, uniq_jessica, uniq_natasha
D:4:      overflow_temple_1_default, nicolae_qazlal_general_emergency

Action                   |  1- 3 |  4- 6 || total
-------------------------+-------+-------++-------
Melee: Unarmed           |   127 |   331 ||   458
  Use: Scroll            |     4 |     6 ||    10
       Potion            |       |     1 ||     1
 Stab: Sleeping          |     5 |       ||     5
  Eat: Chunk             |     2 |     7 ||     9
